[Event "Menorca Open-A 2022"]
[Site "Menorca"]
[Date "2022.04.21"]
[Round "2.3"]
[White "Schenderowitsch, Michael"]
[Black "Nihal Sarin"]
[Result "0-1"]
[ECO "D24"]
[WhiteElo "2334"]
[BlackElo "2656"]
[Annotator "TA"]
[PlyCount "66"]
[EventDate "2022.04.20"]
[EventType "swiss"]
[EventCountry "ESP"]
[SourceTitle "playchess.com"]
[Source "ChessBase"]
[SourceQuality "1"]
[TimeControl "5400+30"]

1. d4 Nf6 2. c4 e6 3. Nf3 d5 4. Nc3 dxc4 5. e3 a6 6. a4 b6 {[%emt 0:00:05] D24: Queen's Gambit Accepted: 3 Nf3 Nf6 4 Nc3.} 7. Bxc4 Bb7 {[%emt 0:00:05] Prevents e4.} 8. Qe2 Bb4 {[%emt 0:00:21] The position is equal.} 9. O-O O-O 10. Ne5 c5 {[%emt 0:13:39] [#]} 11. dxc5 $146 ({Predecessor:} 11. Na2 Ba5 12. Rd1 Qc7 13. b3 Nc6 14. Bb2 Rfd8 15. Ng4 Nd5 16. dxc5 bxc5 17. h3 {½-½ (30) Cramling,P (2452)-Cheng,B (2550) Gibraltar 2022}) 11... Bxc5 12. b3 Qc7 13. f4 Nc6 14. Nd3 Be7 15. Bb2 Na5 16. Ne5 Nxc4 17. Nxc4 Rfd8 18. Rac1 Bc5 19. Ne5 Qe7 20. Nd3 $2 {[%emt 0:11:00][%mdl 8192] [#] White does not recover from this.} (20. h3 $15) 20... Rxd3 $1 $19 21. Qxd3 {[%emt 0:00:21] [#]} Ng4 $1 {[%emt 0:00:01] ( -> ...Qh4)} 22. Ne4 Bxe3+ {[%emt 0:00:41] A strong pair of Bishops.} 23. Kh1 Qh4 24. h3 Rd8 25. Bf6 {[%emt 0:08:56] [#]} Qxh3+ $3 26. gxh3 Rxd3 27. Rc4 Nxf6 28. Kh2 Nxe4 {[%emt 0:00:07] Black mates.} 29. Rc2 Nd2 30. Rfc1 Bxf4+ 31. Kg1 Rg3+ 32. Kf2 Rg2+ 33. Ke1 Bg3+ {[%emt 0:00:04] Weighted Error Value: White=0.90/Black=0.02 (flawless)} 0-1

[Event "Menorca Open-A 2022"]
[Site "Menorca"]
[Date "2022.04.21"]
[Round "2.4"]
[White "Sargsyan, Shant"]
[Black "Rahal, Michael A"]
[Result "1-0"]
[ECO "A81"]
[WhiteElo "2639"]
[BlackElo "2326"]
[Annotator "TA"]
[PlyCount "83"]
[EventDate "2022.04.20"]
[EventType "swiss"]
[EventCountry "ESP"]
[SourceTitle "playchess.com"]
[Source "ChessBase"]
[SourceQuality "1"]
[TimeControl "5400+30"]

1. d4 e6 2. Nf3 f5 3. g3 Nf6 4. Bg2 d5 5. Bf4 Bd6 6. e3 {[%emt 0:00:12][%cal Oc2c4] A81: Dutch Defence: 2 g3.} O-O 7. c4 {[%emt 0:00:50] [#]} b6 $146 ({Predecessor:} 7... Bd7 8. Qc2 Bxf4 9. exf4 Bc6 10. c5 Nbd7 11. O-O a5 12. a3 a4 13. Re1 Ne4 {1-0 (42) Lysyj,I (2631)-Ulybin,M (2496) Cheliabinsk 2018}) 8. cxd5 {[%emt 0:02:20] White is slightly better.} Nxd5 9. Nc3 Bxf4 (9... Nxc3 $11 {remains equal.} 10. bxc3 Bb7) 10. exf4 $16 Ba6 11. Ne5 c6 12. Rc1 Qd6 13. Qb3 Ne7 14. Ne2 {[%emt 0:04:13] 0x0.001c68f4b568dp-1022s more active pieces. The black rooks are badly placed.} Rc8 15. Nc4 Bxc4 16. Qxc4 Nd7 17. O-O Rd8 18. Rfe1 (18. Bxc6 $2 Rac8 19. d5 exd5 20. Bxd5+ Qxd5 $19) 18... Nf8 19. Rc2 (19. Bxc6 $2 Rac8 20. d5 exd5 21. Bxd5+ Qxd5 $19) 19... Rac8 20. Qa6 Rc7 21. Rec1 Rdc8 22. a3 Nd7 23. Nc3 h6 24. Qe2 Nf8 25. h4 Qd7 26. h5 Nd5 {[%emt 0:02:22] White now steadily converts the win.} (26... Qd8 $14) 27. Qe5 $1 Nxc3 (27... Nf6 $16) 28. Rxc3 $18 ({Weaker is} 28. bxc3 Qf7 $14) 28... Kh7 {[%emt 0:02:28] [#]} (28... Kh8 {might work better.} 29. b4 a6) 29. d5 $1 exd5 {[%emt 0:03:13] [#]} 30. Bh3 $1 ({Wrong is} 30. Bxd5 $2 Re8 31. Qd4 Rcc8 32. Rxc6 Rxc6 33. Rxc6 Rd8 $19) 30... g6 31. Qf6 {[%emt 0:00:18] Black must now prevent hxg6+.} Qg7 32. hxg6+ Nxg6 33. Qxg7+ ({But not} 33. Qxf5 $6 Rf8 34. Qb1 Rf6 $16) 33... Kxg7 34. Bxf5 d4 35. Rc4 Rd8 (35... Rf8 {is a better defense.}) 36. Rxc6 Rxc6 37. Rxc6 {[%emt 0:00:03] KRB-KRN} Ne7 38. Rc7 Kf6 39. Bd3 {[%emt 0:00:09] White is winning.} a5 40. Kg2 Rd6 41. Kf3 h5 42. Rb7 {[%emt 0:01:55] Weighted Error Value: White=0.06 (flawless) /Black=0.20 (precise)} 1-0

[Event "Menorca Open-A 2022"]
[Site "Menorca"]
[Date "2022.04.21"]
[Round "2.5"]
[White "Dubkov, Andrej"]
[Black "Gukesh D"]
[Result "0-1"]
[ECO "D38"]
[WhiteElo "2332"]
[BlackElo "2614"]
[Annotator "TA"]
[PlyCount "62"]
[EventDate "2022.04.20"]
[EventType "swiss"]
[EventCountry "ESP"]
[SourceTitle "playchess.com"]
[Source "ChessBase"]
[SourceQuality "1"]
[TimeControl "5400+30"]

1. d4 d5 2. c4 e6 3. Nf3 Nf6 4. Nc3 Bb4 5. Bg5 Nbd7 6. e3 c5 7. cxd5 exd5 8. dxc5 Qa5 {[%emt 0:00:07] Hoping for ...Ne4.} 9. Nd2 {[%emt 0:05:27] D38: Queen's Gambit Declined: Ragozin Defence (4 Nf3 Bb4).} Bxc3 (9... Qxc5 {seems wilder.} 10. Rc1 d4 11. Bxf6 Nxf6 12. exd4 Qxd4 13. Bb5+ Bd7) 10. bxc3 Qxc3 11. Rc1 {[%emt 0:26:27] White has an edge.} Qa5 12. Bxf6 Nxf6 13. Qc2 {[%emt 0:02:53] [#]} O-O $146 ({Predecessor:} 13... Ne4 14. f3 Nxd2 15. Qxd2 Qxd2+ 16. Kxd2 Bd7 17. Rb1 O-O-O 18. Bb5 Kc7 19. a4 Bc6 {½-½ (28) Villalva,V (2206)-Arreguin Hernandez,A (1988) Merida 2005}) 14. Bd3 d4 15. O-O dxe3 16. fxe3 {[%emt 0:01:46][%cal Of1f6] Black must now prevent Rxf6!} Qc7 17. Ne4 $1 Ng4 (17... Nxe4 $11 {keeps the balance.} 18. Bxe4 h6) 18. Nd6 $16 h6 19. Bc4 (19. Qa4 $16 {And now Qe4 would win.} Ne5 20. Bc2) 19... Nxe3 $11 20. Rxf7 $1 Rxf7 {[%emt 0:00:15] Really sharp!} 21. Bxf7+ Qxf7 22. Qe4 (22. Qd2 $1 $11 Qf4 23. Re1) 22... Qe6 $17 23. Qxe6+ Bxe6 24. Re1 {[%emt 0:00:06] [#]} Bxa2 $1 25. Rxe3 {[%emt 0:00:14][%mdl 4096] Endgame [#] KRB-KRN} Bd5 26. Re7 {[%emt 0:00:33] This move loses the game for White.} (26. Ra3 $17 {was necessary.}) 26... a5 $19 27. Nf5 $2 (27. Re5 Bc6 28. Re2) 27... a4 28. Rxg7+ (28. Re5 $142 Bf7 29. Re1) 28... Kf8 {[%emt 0:00:51] Threatens to win with ...a3.} 29. Rh7 a3 {[%emt 0:01:12] ( -> ...a2)} 30. Ne7 {[%emt 0:01:45] [#]} Ra6 $1 31. Nxd5 (31. Ng6+ Rxg6) 31... a2 {[%emt 0:00:05] Weighted Error Value: White=0.73/Black=0.09 (flawless)} 0-1

[Event "Menorca Open-A 2022"]
[Site "Menorca"]
[Date "2022.04.21"]
[Round "2.6"]
[White "Adhiban, B.."]
[Black "Nandhidhaa, P V"]
[Result "1-0"]
[ECO "B30"]
[WhiteElo "2648"]
[BlackElo "2380"]
[Annotator "TA"]
[PlyCount "87"]
[EventDate "2022.04.20"]
[EventType "swiss"]
[EventCountry "ESP"]
[SourceTitle "playchess.com"]
[Source "ChessBase"]
[SourceQuality "1"]
[TimeControl "5400+30"]

1. e4 c5 2. Nf3 Nc6 3. Bb5 e6 4. O-O Nge7 5. Re1 Nd4 6. Nxd4 cxd4 7. c3 $1 {[%emt 0:00:03] 7.c3 is better than 7.d3.} Nc6 {[%emt 0:03:41] B30: Sicilian: 2...Nc6 3 Bb5, lines without ...g6.} (7... a6 $5 8. Be2 Nc6 $11) 8. b4 $5 {[%emt 0:09:45][%mdl 4] Leaves trodden paths.} Be7 9. Bf1 a6 {[%emt 0:03:57] The position is equal.} 10. a4 {[%emt 0:03:17] [#]} d5 $146 ({Predecessor:} 10... O-O 11. Na3 dxc3 12. dxc3 Bf6 13. b5 axb5 14. Nxb5 d5 15. Ba3 Be7 16. exd5 exd5 17. Bxe7 Nxe7 {1-0 (51) Vachier Lagrave,M (2784)-Carlsen,M (2862) chess24.com INT 2021}) 11. exd5 Qxd5 12. c4 Qd8 13. b5 axb5 14. cxb5 Nb4 ({Better is} 14... Na5 $1 $11) 15. Na3 $14 O-O 16. Bb2 b6 17. Nc4 Bb7 18. Ra3 Rc8 (18... g6 $11) 19. Rg3 (19. Rh3 $1 $14) 19... Rc5 (19... g6 $11) 20. Ba3 $16 (20. Qg4 $6 Rg5 21. Qf4 (21. Qxd4 Qxd4 22. Bxd4 Rxg3 $17) 21... Rxg3 22. Qxg3 Re8 $14) 20... Rf5 21. Bxb4 (21. Qg4 $6 Rg5 22. Qd1 Rxg3 23. hxg3 Re8 $14) 21... Bxb4 22. Bd3 $40 {[%emt 0:00:07][%mdl 128] White has strong attack.} Rf4 {[%emt 0:06:35] [#]} (22... Bd5 $142) 23. Qb1 (23. Qh5 Rh4 24. Qg5 (24. Qe5 g6 $17) 24... g6 $11) ({White should try} 23. Bxh7+ $1 Kxh7 24. Qb1+ g6 25. Qxb4) 23... Bc5 24. Bxh7+ Kh8 {[%emt 0:00:05][%cal Od4d3] White must now prevent ...d3!} 25. Be4 {[%emt 0:00:34] &Bianco is more active.} (25. Ne5 $16) 25... Bxe4 $2 (25... d3 $1 $11 26. Rh3+ Kg8 27. Bh7+ Kh8 28. Bf5+ (28. Bxd3+ Rh4 $11) 28... Kg8 29. Bh7+ Kh8 30. Bxd3+ Rh4 31. Rxh4+ (31. Be4 Rxh3 32. gxh3 Qh4 $11) 31... Qxh4) 26. Rxe4 $18 Rxe4 (26... Rf5 {was necessary.} 27. a5 Kg8) 27. Qxe4 {[%emt 0:00:09] White wants to mate with Rh3+.} Kg8 28. Qe5 f6 29. Qxe6+ Rf7 30. Kf1 Qa8 (30... Qd7 $142 31. Qxd7 Rxd7) 31. Nb2 Qa5 32. Rd3 Qa7 33. Qe8+ Rf8 34. Qe6+ Rf7 $1 35. g3 Qb7 36. Qc6 {[%emt 0:00:44] Against Qh1+} Qa7 (36... Qxc6 {might work better.} 37. bxc6 Rc7) 37. Kg2 Re7 38. Nc4 Rc7 $2 (38... Qxa4 39. Nxb6 Bxb6) 39. Qe8+ Kh7 40. g4 Qb7+ 41. Kg1 Rf7 42. Rh3+ {[%emt 0:00:20] White mates.} Kg6 43. Qe6 Re7 44. Ne5+ {[%emt 0:00:05] Weighted Error Value: White=0.38/Black=0.58} 1-0

[Event "Menorca Open-A 2022"]
[Site "Menorca"]
[Date "2022.04.21"]
[Round "2.7"]
[White "Barzen, Pascal"]
[Black "Martirosyan, Haik M."]
[Result "0-1"]
[ECO "B33"]
[WhiteElo "2324"]
[BlackElo "2633"]
[Annotator "TA"]
[PlyCount "126"]
[EventDate "2022.04.20"]
[EventType "swiss"]
[EventCountry "ESP"]
[SourceTitle "playchess.com"]
[Source "ChessBase"]
[SourceQuality "1"]
[TimeControl "5400+30"]

1. e4 c5 2. Nf3 Nc6 3. d4 cxd4 4. Nxd4 Qb6 5. Nb3 Nf6 6. Nc3 e6 7. Be3 Qc7 8. a3 a6 9. f4 d6 10. Be2 Be7 {[%emt 0:02:04] B33: Sicilian: Pelikan and Sveshnikov Variations.} 11. Bf3 b5 12. Qd2 Bb7 {[%emt 0:01:01] The position is equal.} 13. Qf2 Nd7 14. O-O O-O 15. Ne2 Rac8 16. c3 Na5 17. Nxa5 Qxa5 {[%emt 0:00:07] [#]} 18. e5 $146 ({Predecessor:} 18. Rad1 Qa4 19. Rd4 Rc4 20. Rxc4 bxc4 21. Ng3 Bc6 22. Rd1 Nf6 23. Rd2 Qb5 24. Qe2 {0-1 (54) Denda,R (1924)-Rosen,W (2207) Grieskirchen 1998}) 18... Bxf3 19. exd6 Bxd6 20. Qxf3 Qc7 21. Ng3 Bc5 22. Ne4 Bxe3+ 23. Qxe3 Nb6 24. Qf2 Rfd8 25. f5 exf5 26. Qxf5 Nc4 27. Rf2 (27. Ng5 $11 {is more appropriate.} Qc5+ 28. Qxc5 Rxc5 29. Nxf7) 27... h6 $15 28. Re1 Re8 29. Rfe2 {[%emt 0:03:48][%cal Oe4f6] White threatens Nf6+! and mate.} Re5 30. Qf2 Rce8 {[%emt 0:01:26][%cal Oc4b2] Strongly threatening ...Nxb2!} 31. Ng3 Rxe2 32. Rxe2 Rxe2 33. Qxe2 Qb6+ 34. Kf1 Qg6 35. Kf2 Qb6+ 36. Kf1 Kf8 37. a4 (37. Nf5 $2 Qf6 38. Qf2 Qxf5 $3 39. Qxf5 Ne3+ 40. Kf2 Nxf5 $19) 37... Ne3+ 38. Ke1 bxa4 39. Nf1 Nd5 {[%emt 0:03:27] &Nero is much more active.} 40. Qe4 Nf6 41. Qxa4 Qb5 $2 ({Black should play} 41... Qxb2 $17 42. Qc6 Kg8) 42. b4 $2 Qxb4 $4 43. Qxa6 $2 (43. cxb4 $18 Ke7 44. Qxa6) 43... Qxc3+ $17 44. Ke2 Qe5+ 45. Kf3 Qd5+ 46. Kf2 Ne4+ (46... Qc5+ $2 47. Ne3 $19) 47. Ke3 f5 48. Qa3+ (48. Qd3 $17 f4+ 49. Ke2) 48... Kg8 {[%emt 0:00:00] Hoping for ...Nf6.} 49. g3 (49. Ke2 $142) 49... Kh7 {[%emt 0:00:00] Threatens to win with ...Qe5.} ({Don't blunder} 49... Qd1 $2 50. Qd3 Qe1+ 51. Kf4 $19) 50. Ke2 Qb5+ 51. Qd3 {[%emt 0:00:41] [#]} Qb2+ ({Worse is} 51... Nc3+ 52. Ke3) 52. Nd2 $2 (52. Ke1 $19) 52... Kg6 {[%emt 0:00:00] Black mates.} 53. Ke1 Qxd2+ 54. Qxd2 Nxd2 55. Kxd2 {[%emt 0:00:03] K3P-KPP} Kg5 56. Ke3 Kg4 57. Kf2 Kh3 58. Kg1 g5 59. Kh1 {[%emt 0:00:05] [#]} h5 $1 (59... f4 60. gxf4 Kg4 61. fxg5 Kxg5 62. h3 $11) 60. Kg1 h4 61. gxh4 Kxh4 ({And not} 61... gxh4 62. Kh1 $11) 62. Kg2 g4 63. Kf2 Kh3 {[%emt 0:00:12] Weighted Error Value: White=0.42/Black=0.13 (very precise)} 0-1

[Event "Menorca Open-A 2022"]
[Site "Menorca"]
[Date "2022.04.21"]
[Round "2.8"]
[White "Sadhwani, Raunak"]
[Black "Mannion, Stephen R"]
[Result "1-0"]
[ECO "D27"]
[WhiteElo "2616"]
[BlackElo "2281"]
[Annotator "TA"]
[PlyCount "101"]
[EventDate "2022.04.20"]
[EventType "swiss"]
[EventCountry "ESP"]
[SourceTitle "playchess.com"]
[Source "ChessBase"]
[SourceQuality "1"]
[TimeControl "5400+30"]

1. d4 d5 2. Nf3 Nf6 3. c4 dxc4 4. e3 e6 5. Bxc4 c5 6. O-O a6 7. b3 cxd4 8. Nxd4 Bd6 9. Nd2 {[%emt 0:00:09] D27: Queen's Gambit Accepted: Classical main line: 7 e4!? and 7 a4.} O-O 10. Bb2 e5 11. N4f3 {[%emt 0:00:10] The position is equal.} Nc6 12. Be2 Be6 13. Nc4 Bxc4 14. bxc4 {[%emt 0:00:04] [#]} Qc7 $146 ({Predecessor:} 14... Qe7 15. a3 Rad8 16. Qc2 Nd7 17. Rfd1 Nc5 18. Rab1 e4 19. Nd4 Be5 20. Bc3 Rfe8 21. Nxc6 bxc6 {½-½ (39) Polyakov,D (2330)-Serner,A (2429) ICCF email 2018}) 15. Nd2 Rad8 16. Qc2 Rfe8 17. g3 Nb8 18. Bf3 Nbd7 19. Rfd1 Nc5 20. Rab1 Rc8 21. Ba1 Bf8 22. Bg2 Rcd8 23. Nf3 {[%emt 0:02:49] aiming for Rxd8.} Rxd1+ 24. Rxd1 Ncd7 25. Qb1 h6 26. Nd2 Nc5 27. Nb3 b6 28. h3 Ncd7 29. Qf5 g6 30. Qc2 Bg7 31. Rc1 Rc8 32. Qe2 a5 (32... Qb8 $14) 33. c5 $1 $16 {[%emt 0:02:38] Black is now going downhill.} Nxc5 34. Nxc5 bxc5 35. Qa6 {[%emt 0:00:05][%cal Oa1e5] Threatens to win with Bxe5!} Rb8 36. Bc3 {[%emt 0:00:08][%cal Ba1c3,Bc3a5,Ba5c7,Bc7b6,Bb6d4][%mdl 32] &Bianco is more active.} Qb6 (36... e4 $16) 37. Qxb6 $18 (37. Qxa5 $6 Qd6 $16) 37... Rxb6 38. Bxa5 (38. Bxe5 $6 Nd7 39. Bc7 Ra6 $16) 38... Rb2 39. a4 ({Don't do} 39. Rxc5 $6 Rxa2 40. Rxe5 Ne4 41. Re8+ (41. Rxe4 Rxa5 42. Re7 Kf8 $16) 41... Kh7 $16) 39... Ra2 {[%emt 0:00:44] [#]} 40. Bc6 {[%emt 0:00:06] A strong pair of Bishops.} ({Resist} 40. Rxc5 Rxa4 41. Rxe5 Ne4 42. Re8+ (42. Rxe4 Rxa5 43. Re7 Kf8 $16) 42... Kh7 $16) 40... Bf8 (40... Ne4 $142) 41. Bc7 e4 42. a5 Be7 43. Bb7 Ne8 44. Bb6 {[%emt 0:00:07] Strongly threatening a6.} Rb2 45. Bxe4 Nd6 46. Bd5 c4 (46... Ne8 $142 47. Bc6 Nd6 48. Bxc5 Ra2) 47. Bxc4 Ne4 48. Bd4 Rd2 49. a6 {[%emt 0:00:11][%cal Ba5a6,Ba6a7][%mdl 32] White wants to mate with a7.} Nxf2 50. a7 Nxh3+ 51. Kf1 {[%emt 0:00:03] Weighted Error Value: White=0.05 (flawless) /Black=0.33} (51. Kh1 $142 Nf2+ 52. Kg2 Ne4+ 53. Kg1 Rxd4 54. exd4 Bf8 55. a8=Q Ng5 {[#]} 56. Bxf7+ $1 Kxf7 57. Rc7+ Kg8 58. Qd5+ Kh8 59. Kg2) 1-0

[Event "Menorca Open-A 2022"]
[Site "Menorca"]
[Date "2022.04.21"]
[Round "2.9"]
[White "Laux, Dominik"]
[Black "Sethuraman, S.P."]
[Result "0-1"]
[ECO "B30"]
[WhiteElo "2200"]
[BlackElo "2619"]
[Annotator "TA"]
[PlyCount "80"]
[EventDate "2022.04.20"]
[EventType "swiss"]
[EventCountry "ESP"]
[SourceTitle "playchess.com"]
[Source "ChessBase"]
[SourceQuality "1"]
[TimeControl "5400+30"]

1. e4 c5 2. Nf3 Nc6 3. Bb5 e6 4. Bxc6 bxc6 5. d3 Qc7 6. O-O Ne7 {[%emt 0:02:50] 6...d6 is vanishing.} 7. Re1 {[%emt 0:04:35] B30: Sicilian: 2...Nc6 3 Bb5, lines without ...g6.} Ng6 {[%emt 0:03:38] [#]} 8. h4 $146 ({Predecessor:} 8. e5 Be7 9. h4 f6 10. Nbd2 O-O 11. exf6 Bxf6 12. Ne4 Bxh4 13. Nxh4 Nxh4 14. Qh5 Nf5 {1-0 (32) Grover,S (2505)-Lupulescu,C (2640) Al Ain 2014}) 8... h5 9. e5 {[%emt 0:04:29] The position is equal.} Be7 10. g3 d6 11. Qe2 f6 12. exd6 Bxd6 13. Qe4 Ne7 14. Na3 e5 15. Nc4 Bf5 16. Nxd6+ Qxd6 17. Qa4 Kf7 ({Black should play} 17... Qd5 $11 18. Nd2 (18. Re3 O-O $15) 18... O-O) 18. Be3 $1 $14 Rhb8 19. Qc4+ (19. Qa3 $16) 19... Be6 $11 20. Bxc5 Qd5 $132 {[%emt 0:00:05][%mdl 2048] Black is not holding back} 21. Qxd5 Bxd5 {[%emt 0:00:05] [#]} 22. Nd4 {[%emt 0:01:03] With the idea c4.} Rxb2 23. c4 {[%emt 0:04:52] Hoping for Bxe7.} Be6 24. Nxe6 Kxe6 25. d4 {[%emt 0:00:50] White wants to play dxe5.} Nf5 26. dxe5 fxe5 27. f4 {[%emt 0:02:18] [#]} (27. Re4 $11) 27... Rd8 $1 $17 {[%emt 0:00:00] aiming for ...Rdd2.} 28. Rxe5+ Kf6 {[%emt 0:00:00] ...Rdd2 is the strong threat. &Nero is more active.} 29. Bf2 $2 {[%emt 0:01:47][%mdl 8192] White does not recover from this.} ({Avoid the trap} 29. Bxa7 $2 Rdd2 30. Rxf5+ Kxf5 $19) (29. Rf1 $17) 29... Rdd2 $19 30. Rf1 Nh6 {[%emt 0:00:00] Strongly threatening ...Ng4.} 31. Re4 (31. Bxa7 $2 {gets mated.} Rg2+ 32. Kh1 Rh2+ 33. Kg1 Rbg2#) 31... Kf7 32. Rd4 Rdc2 {[%emt 0:00:00] And now ...Ng4 would win.} 33. Rd7+ Kg8 34. Rxa7 (34. Bd4 $2 Rg2+ 35. Kh1 Rh2+ 36. Kg1 Rbg2#) 34... Ng4 35. Rxg7+ (35. Bd4 $2 {is a self mate.} Rg2+ 36. Kh1 Rh2+ 37. Kg1 Rbg2#) 35... Kxg7 36. Bd4+ Kg6 {[%emt 0:00:00] ( -> ...Rg2+)} 37. Bxb2 Rxb2 38. Rd1 (38. f5+ $19 Kf6 39. Rd1) 38... Kf5 {[%emt 0:00:00] Black mates.} 39. Rd6 Ke4 40. Kf1 Kf3 {[%emt 0:00:00] Weighted Error Value: White=0.45/Black=0.04 (flawless)} (40... Ne3+ $142 41. Kg1 Rg2+ 42. Kh1 Rxa2 43. c5 Re2 44. Kg1 Kf3 45. Rd3 Kxg3 46. Rxe3+ Rxe3 47. Kf1 Kxf4 48. Kf2 Re6 49. Kg2 Ke3 50. Kg3 Rg6+ 51. Kh3 Kf2 52. Kh2 Rg3 53. Kh1 Rh3#) 0-1

[Event "Menorca Open-A 2022"]
[Site "Menorca"]
[Date "2022.04.21"]
[Round "2.10"]
[White "Santos Ruiz, Miguel"]
[Black "Chumpitaz, Ann"]
[Result "1-0"]
[ECO "B48"]
[WhiteElo "2596"]
[BlackElo "2244"]
[Annotator "TA"]
[PlyCount "83"]
[EventDate "2022.04.20"]
[EventType "swiss"]
[EventCountry "ESP"]
[SourceTitle "playchess.com"]
[Source "ChessBase"]
[SourceQuality "1"]
[TimeControl "5400+30"]

1. e4 c5 2. Nf3 e6 3. d4 cxd4 4. Nxd4 Nc6 5. Nc3 Qc7 6. Be3 a6 7. Qf3 {[%emt 0:03:53] Recently 7.g4 got a lot of attention. B48: Sicilian: Taimanov: 5 Nc3 Qc7 6 Be3 a6 without Be2.} Ne5 8. Qg3 h5 9. f4 {[%emt 0:03:40] White is slightly better.} (9. Bf4 $5 d6 10. Nf3 $14) 9... Ng4 10. Bd2 b5 {[%emt 0:02:08] [#]} 11. a3 $146 ({Predecessor:} 11. h3 N4f6 12. a3 Bb7 13. Bd3 h4 14. Qf2 Bc5 15. Be3 Rc8 16. e5 Nd5 17. Nxd5 Bxd5 {1-0 (34) Bacrot,E (2699)-Maze,S (2612) Nimes 2018}) 11... Bb7 (11... Bc5 $5 12. h3 Bxd4 13. hxg4 Nf6 $16) 12. Bd3 Qb6 {[%emt 0:22:54] [#]} (12... Bc5 $11 {remains equal.} 13. Nce2 Kf8) 13. h3 $1 h4 $1 {[%emt 0:05:29] [#]} 14. Qxg4 (14. Qf3 $1 $16) 14... Qxd4 $11 15. Qe2 Qb6 16. O-O-O Nf6 17. e5 $36 {[%emt 0:05:54][%mdl 2048] Be3 is the strong threat. White has good play.} Nd5 {[%emt 0:00:07] Prevents Be3.} (17... Nh5 $5 ) 18. f5 Rc8 19. Nxd5 Bxd5 20. Rhf1 {[%emt 0:06:59] Black is on the road to losing.} Qb7 ({Black should try} 20... b4 21. axb4 Bxb4) 21. Qg4 Qc6 22. Bb4 {[%emt 0:07:50] &Bianco is more active.} Rc7 (22... exf5 $16 23. Bxf5 Bxb4) 23. Bxf8 $18 Kxf8 24. Qg5 (24. f6 g6 $16) 24... Rc8 {[%emt 0:01:41] Prevents Qd8+.} (24... Ke8 25. Qxg7 Rf8) 25. f6 Rg8 26. Qxh4 g6 27. Rd2 {[%emt 0:06:09] Strongly threatening Qh6+.} ({Less strong is} 27. Qh7 d6 $16) 27... Qc5 28. Re1 a5 29. Be4 ({Not} 29. Qh7 b4 $18) 29... b4 30. Bxd5 {[%emt 0:00:21] White is clearly winning.} exd5 31. a4 Qc6 32. b3 Qc3 33. Qh6+ Ke8 34. Kb1 {[%emt 0:00:07] Prevents Qa1+.} d4 (34... Kd8 $142 35. Ree2 Qc5) 35. Ree2 Rc6 36. Qf4 {[%emt 0:01:20][%cal Oe5e6] Threatening mate with e6!} Rh8 37. Qxd4 (37. Rxd4 $142 Rc8 38. Red2) 37... Qxd4 38. Rxd4 Rc5 39. Red2 Rc7 40. Rd5 Ra7 41. Rb5 Ra8 {[%emt 0:00:15] Against Rb8+} 42. Rdd5 {[%emt 0:00:18] Weighted Error Value: White=0.31/Black=0.40} 1-0

[Event "Menorca Open-A 2022"]
[Site "Menorca"]
[Date "2022.04.21"]
[Round "3.1"]
[White "Erigaisi Arjun"]
[Black "Cuenca Jimenez, Jose Fernando"]
[Result "1-0"]
[ECO "D02"]
[WhiteElo "2633"]
[BlackElo "2552"]
[Annotator "TA"]
[PlyCount "77"]
[EventDate "2022.04.20"]
[EventType "swiss"]
[EventCountry "ESP"]
[SourceTitle "playchess.com"]
[Source "ChessBase"]
[SourceQuality "1"]
[TimeControl "5400+30"]

1. d4 Nf6 2. Nf3 d5 3. Bf4 g6 4. e3 Bg7 5. Nbd2 c5 6. c3 {[%emt 0:00:30] D02: 1 d4 d5 2 Nf3 sidelines, including 2...Nf6 3 g3 and 2...Nf6 3 Bf4.} Qb6 7. Qb3 c4 8. Qa3 {[%emt 0:00:30] White is slightly better.} Nc6 {[%emt 0:00:30] [#]} 9. b3 $146 ({Predecessor:} 9. Bg3 O-O 10. b3 cxb3 11. axb3 Bf5 12. Be2 Nh5 13. Bh4 Rfe8 14. O-O e5 15. Nxe5 Nxe5 16. dxe5 Bxe5 {1-0 (48) Lund,S (1315)-Bourgault,J (1850) ICCF email 2019}) 9... cxb3 10. axb3 Nh5 11. Be5 Bxe5 12. Nxe5 Nxe5 13. dxe5 Qc7 14. Qa4+ Bd7 15. Bb5 Bxb5 16. Qxb5+ Qd7 17. Qxd7+ Kxd7 18. Ra5 Ke6 19. Nf3 Rhc8 {[%emt 0:00:30] Black is on the road to losing.} 20. Kd2 b6 21. Ra6 f6 22. Nd4+ Kxe5 23. Rha1 Ng7 (23... f5 $142) 24. Rxa7 $16 {[%emt 0:00:30] &Bianco is more active.} Rxa7 25. Rxa7 {[%emt 0:00:30][%mdl 4096] Endgame KRN-KRN} Kd6 26. Nb5+ Ke6 27. Rb7 $1 Nf5 28. Rxb6+ Kf7 29. g4 Nh4 {[%emt 0:00:30] [#]} 30. Rb7 $1 {[%emt 0:00:30] Nd6+ is the strong threat.} Ra8 {[%emt 0:00:30] [#]} (30... Nf3+ $2 31. Ke2 Ng1+ 32. Kf1 $18) 31. Nc7 $1 Ra2+ 32. Kd3 Rxf2 $2 (32... Nf3 33. Nxd5 Rd2+ 34. Kc4 Ke6) 33. Nxd5 $18 Ke6 34. c4 Nf3 35. Rxe7+ Kd6 36. Rxh7 Ne5+ 37. Kd4 {[%emt 0:00:30] And now c5+ would win.} Nxg4 (37... Rd2+ $142 38. Kc3 Rd1 39. Nxf6 Rd3+ 40. Kb4 Rxe3) 38. c5+ Kc6 39. Nb4+ {[%emt 0:00:30] Weighted Error Value: White=0.01 (flawless) /Black=0.47} 1-0